 Dungeon Crawl Stone Soup version 0.31.0-11-ge490571c62 (webtiles) character file.

Game seed: 13064352709392679609

175 Ruich the Ruffian (level 5, -3/52 (53) HPs)
             Began as a Troll Fighter on Feb 5, 2024.
             Slain by Crazy Yiuf
             ... wielding a +4 quarterstaff of chaos
              (14 damage)
             ... on level 3 of the Dungeon.
             The game lasted 00:03:20 (1691 turns).

Ruich the Ruffian (Troll Fighter)                   Turns: 1691, Time: 00:03:21

HP:   -3/52 (53)    AC:  4    Str: 26    XL:     5   Next: 29%
MP:   4/4           EV:  9    Int:  4    God:
Gold: 166           SH:  8    Dex:  9    Spells: 4/4 levels left

rFire   + .          .
                       - Unarmed
rCold   . . .        b - +0 kite shield
rNeg    . . .        a - +0 robe
rPois   .            (helmet restricted)
rElec   .            (no cloak)
rCorr   .            (gloves unavailable)
SInv    .            (boots unavailable)
Will    .....        (no amulet)
Stlth   +            F - ring of protection from fire
HPRegen 1.08/turn    (no ring)
MPRegen 0.09/turn

%: no passive effects
@: mighty, lightly drained
A: large, unfitting armour, claws 3, regeneration 1, shaggy fur 1, tough skin 1
a: no special abilities


You were on level 3 of the Dungeon.
You visited 1 branch of the dungeon, and saw 3 of its levels.

You collected 166 gold pieces.


Innate Abilities, Weirdness & Mutations

You are too large for most types of armour.
You have claws for hands.
Your natural rate of healing is unusually fast.
You are covered in fur. (AC +1)
You have tough skin. (AC +1)


   Skills:
 + Level 3.0 Fighting
 + Level 3.1 Dodging
 + Level 3.4 Shields
 * Level 3.8 Unarmed Combat


You had 4 spell levels left.
You didn't know any spells.
Your spell library contained the following spells:

 Spells                   Type           Power      Damage    Failure   Level
 Shock                    Conj/Air       0%         1d3       75%         1
 Ozocubu's Armour         Ice            0%         N/A       98%         3
 Swiftness                Air            0%         N/A       98%         3
 Airstrike                Air            0%         2d(0-16)  100%        4
 Metabolic Englaciation   Hex/Ice        0%         N/A       100%        5
 Sculpt Simulacrum        Ice/Alch       0%         N/A       100%        6

Inventory:

Armour
 a - a +0 robe (worn)
 b - a +0 kite shield (worn)
Magical Staves
 t - a staff of air {!a}
Jewellery
 F - a ring of protection from fire (left claw)
Scrolls
 d - a scroll of poison {unknown}
 e - 5 scrolls of teleportation {unknown}
 f - a scroll of enchant weapon {unknown}
 j - 7 scrolls of identify {unknown}
 k - a scroll of fear {unknown}
 l - a scroll of amnesia {unknown}
 p - a scroll of immolation {unknown}
 q - a scroll of brand weapon {unknown}
 r - a scroll of revelation {unknown}
 v - 2 scrolls of silence {unknown}
Potions
 c - a potion of might
 g - a potion of heal wounds {unknown}
 h - a potion of brilliance {unknown}
 i - a potion of cancellation {unknown}
 m - a potion of ambrosia {unknown}
 n - a potion of attraction {unknown}
 o - a potion of haste {unknown}
 s - 2 potions of mutation {unknown}
 u - a potion of magic {unknown}

Dungeon Overview and Level Annotations

Branches:
Dungeon (3/15)

Altars:

Shops:
D:2 :

Annotations:
D:3 2 transporters, Biggs's ghost, amateur TrBe; Crazy Yiuf

#..# ##........
#.## ######[..
#.# #### ##.#
#..#### ▒▒▒
#..#..## ##▒..)▒
#......####.'...▒
##......#g.#▒...▒
###...#@### ▒▒▒
#######


You could see Crazy Yiuf.


Message History

Crazy Yiuf hits you with a +4 quarterstaff of chaos!
Crazy Yiuf freezes you.
You closely miss Crazy Yiuf.
Crazy Yiuf is moderately wounded.
Crazy Yiuf hits you with a +4 quarterstaff of chaos!
* * * LOW HITPOINT WARNING * * *
You feel drained.
* * * LOW HITPOINT WARNING * * *
You are too injured to fight recklessly!
You are too injured to fight recklessly!
Unknown command.
You barely miss Crazy Yiuf.
Crazy Yiuf is moderately wounded.
Crazy Yiuf hits you with a +4 quarterstaff of chaos!
* * * LOW HITPOINT WARNING * * *
Crazy Yiuf freezes you.
* * * LOW HITPOINT WARNING * * *
Unknown command.
Crazy Yiuf attacks as he pursues you! Crazy Yiuf barely misses you.
You feel very mighty all of a sudden.
Crazy Yiuf cries, "Cake bag eyeball!"
Crazy Yiuf barely misses you.
Unknown command.
You closely miss Crazy Yiuf.
Crazy Yiuf is moderately wounded.
You block Crazy Yiuf's attack.
You completely miss Crazy Yiuf.
Crazy Yiuf is moderately wounded.
Crazy Yiuf hits you with a +4 quarterstaff of chaos!
You die...

Skill      XL: |  1  2  3  4 |
---------------+-------------+-----
Shields        | 3 |  3.4
Unarmed Combat | 3 |  3.8
Fighting       | 3 |  3.0
Dodging        | 3 |  3.1

Action                     |  1- 3 |  4- 6 || total
---------------------------+-------+-------++-------
  Melee: Unarmed           |   126 |    25 ||   151
    Use: Potion            |       |     1 ||     1
   Stab: Sleeping          |     1 |       ||     1
 Armour: Robe              |    63 |    19 ||    82
  Dodge: Dodged            |    48 |     9 ||    57
  Block: Kite shield       |    53 |     9 ||    62

Levels and vault maps discovered:
D:1:      dpeg_arrival_arbitrary_b, layout_rooms, serial_curves, eino_curves_04,
          eino_curves_03, corexii_leaking_fountain,
          nicolae_concentric_dashed_squares_mild, roderic_lattice_a,
          minmay_pentomino_t2
D:2:      layout_basic, serial_shops, shop,
          hellmonk_ecumenical_altar_arch_garden
D:3:      layout_rooms, gammafunk_ghost_gnarly_gnolls, uniq_crazy_yiuf_cottage,
          uniq_pargi

Notes
Turn   | Place    | Note
-------+----------+-------------------------------------------
     0 | D:1      | Ruich the Troll Fighter began the quest for the Orb.
     0 | D:1      | Reached XP level 1. HP: 22/22 MP: 0/0
   212 | D:1      | Reached XP level 2. HP: 29/29 MP: 1/1
   719 | D:2      | Reached XP level 3. HP: 31/36 MP: 2/2
   726 | D:2      | Found a faded altar of an unknown god.
   776 | D:2      | Found Laimyxi's Book Boutique.
   785 | D:2      | Reached skill level 3 in Shields
   790 | D:2      | Identified the +0 ring mail "Ofigoji" {-Cast rC+ rN++}
   827 | D:2      | Reached skill level 3 in Unarmed Combat
  1130 | D:3      | Noticed Pargi
  1149 | D:3      | Reached XP level 4. HP: 44/44 MP: 3/3
  1160 | D:3      | Killed Pargi
  1161 | D:3      | Reached skill level 3 in Fighting
  1161 | D:3      | Reached skill level 3 in Dodging
  1161 | D:3      | Reached XP level 5. HP: 43/53 MP: 4/4
  1332 | D:3      | Found a transporter.
  1332 | D:3      | Identified the +3 spear of Ralul {elec, Dex+5}
  1332 | D:3      | Identified the +4 ring mail "Onoojid" {Int+3}
  1537 | D:3      | Found a runed translucent door.
  1538 | D:3      | Noticed Crazy Yiuf
  1600 | D:3      | Found a transporter.
  1612 | D:3      | Noticed Biggs's ghost (amateur TrBe)
  1685 | D:3      | HP: 5/52 [Crazy Yiuf/+4 quarterstaff of chaos (1)]
  1691 | D:3      | Slain by Crazy Yiuf

Vanquished Creatures
  Pargi (D:3)
  2 adders
  A dart slug (D:2)
  2 ribbon worms
  An orc (D:3)
  3 bats
  4 endoplasms
  2 giant cockroaches
  A hobgoblin (D:1)
  4 jackals (D:2)
  2 quokkas
  4 ball pythons
  8 frilled lizards
  11 goblins
  3 kobolds
  7 rats
56 creatures vanquished.

Table legend: (Time is in decaauts)
 A = Elapsed time spent in this place.
 B = Non-inter-level travel time spent in this place.
 C = Inter-level travel time spent in this place.
 D = Time resting spent in this place.
 E = Time spent auto-exploring this place.
 F = Levels seen in this place.
 G = Mean time per level.
                   A        B        C        D        E       F      G
               +--------+--------+--------+--------+--------+-----+--------+
         Total |   1699 |   1694 |      5 |      0 |   1310 |   3 |  566.3 |
       Dungeon |   1699 |   1694 |      5 |      0 |   1310 |   3 |  566.3 |
               +--------+--------+--------+--------+--------+-----+--------+

Top non-repeatable levels by time:
     D:1: 665 daAuts
     D:3: 609 daAuts
     D:2: 424 daAuts

Table legend:
 A = Non-vault XP
 B = Vault XP
 C = Vault XP percentage of total XP
 D = Non-vault monster count
 E = Vault monster count
 F = Vault count percentage of total count
                 A         B        C        D         E       F
            +---------+---------+-------+---------+---------+-------
      Total |     114 |     136 |  54.4 |      54 |       2 |   3.6
            +---------+---------+-------+---------+---------+-------
        D:1 |      23 |       2 |   8.0 |      16 |       1 |   5.9
        D:2 |      55 |       0 |   0.0 |      25 |       0 |   0.0
        D:3 |      36 |     134 |  78.8 |      13 |       1 |   7.1
            +---------+---------+-------+---------+---------+-------
